 Dungeon Crawl Stone Soup version 0.16-a0-778-g0731923 (webtiles) character file.

82 MackTheKnife the Insei (level 4, 0/32 HPs)
             Began as a Merfolk Transmuter on Sept 25, 2014.
             Killed from afar by an orc wizard (5 damage)
             ... with a magic dart
             ... on Level 3 of the Dungeon.
             The game lasted 00:03:48 (2349 turns).

MackTheKnife the Insei (Merfolk Transmuter)         Turns: 2349, Time: 00:03:49

HP   0/32        AC  3     Str 10      XL: 4   Next: 43%
MP   7/7         EV 11     Int 12      God:
Gold 12          SH  0     Dex 15      Spells:  2 memorised,  4 levels left

rFire  . . .     SeeInvis .       - Unarmed
rCold  . . .     Clarity  .     q - +0 leather armour (curse)
rNeg   . . .     rCorr    +     (no shield)
rPois  .         rRot     .     (no helmet)
rElec  .         Spirit   .     (no cloak)
SustAb .         Warding  .     (no gloves)
rMut   .         Stasis   .     (no boots)
Gourm  .                        c - amulet of resist corrosion
MR     .....                    (no ring)
                                (no ring)

@: not resistant to hostile enchantments, very unstealthy
A: change form in water, swift swim
a: no special abilities


You were on level 3 of the Dungeon.
You were not hungry.

You visited 1 branch of the dungeon, and saw 3 of its levels.

You collected 12 gold pieces.


   Skills:
 - Level 1.1 Fighting
 - Level 2.6 Dodging
 + Level 5.5 Unarmed Combat
 - Level 2.0 Spellcasting
 - Level 2.6 Transmutations


You had 4 spell levels left.
You knew the following spells:

 Your Spells              Type           Power        Failure   Level  Hunger
r - Sticks to Snakes      Trmt           #.........   14%         2    ###....
z - Beastly Appendage     Trmt           #.....       12%         1    ##.....

Inventory:

Missiles
 b - 32 arrows
 h - 24 stones (quivered)
 j - 10 poisoned arrows
Armour
 q - a cursed +0 leather armour (worn)
 s - a cursed +0 scale mail
Comestibles
 a - a bread ration
 g - a beef jerky
 r - 2 chunks of orc flesh {@*1}
Scrolls
 e - a scroll of blinking {unknown}
 k - 2 scrolls of fog {unknown}
 l - 2 scrolls of teleportation {unknown}
 m - a scroll of remove curse {unknown}
 o - a scroll of recharging {unknown}
 u - a scroll of magic mapping {unknown}
Jewellery
 c - an amulet of resist corrosion (around neck)
Potions
 f - a potion of restore abilities {unknown}
 i - a potion of might {unknown}
 n - a potion of heal wounds {unknown}
 p - a potion of brilliance {unknown}
 t - a potion of mutation {unknown}
Books
 d - a book of Changes

   Spells                             Type                      Level
   *Beastly Appendage                 Transmutation                1
   *Sticks to Snakes                  Transmutation                2
   Spider Form                        Transmutation/Poison         3
   Ice Form                           Ice/Transmutation            4
   Blade Hands                        Transmutation                5

▒·▒▒ ▒▒▒ ▒··· ····
▒··▒▒▒▒▒▒▒▒▒ ▒▒▒▒▒··▒·· ···▒
··········▒▒▒▒▒·▒▒▒▒▒▒▒▒▒▒▒
······)·················)··
········?·m▒▒·▒▒▒·▒▒▒▒▒▒·▒·
·········o··▒▒··▒▒······▒)▒·
··▒·▒····oo·▒▒▒·▒▒▒▒▒▒▒·▒·▒·
▒········£··▒ ·▒ ▒····▒·▒·
▒·▒!▒·····▒▒▒▒▒·▒ ▒·▒▒▒▒·▒·
·········▒·····▒ ▒·▒ ▒·▒·
▒▒·······▒·▒▒▒▒▒▒ ▒·▒ ▒)▒·
▒·······▒·▒····▒▒▒)▒ ▒·▒·
▒·······▒ ▒·····▒▒·▒▒▒▒·▒


You could see an orc wizard and 2 orcs.


Message History

You hit the orc wizard.
The orc wizard is lightly wounded.
The orc wizard gestures at you while chanting.
The magic dart hits you!
You barely miss the orc wizard.
The orc wizard is lightly wounded.
The orc hits you.
* * * LOW HITPOINT WARNING * * *
The orc wizard misses you.
You hit the orc wizard.
The orc wizard is heavily wounded.
The orc hits you.
* * * LOW HITPOINT WARNING * * *
The orc hits you.
* * * LOW HITPOINT WARNING * * *
The orc wizard closely misses you.
You hit the orc wizard.
The orc wizard is severely wounded.
The orc hits you.
* * * LOW HITPOINT WARNING * * *
The orc misses you.
Unknown command.
Unknown command.
Drink which item? (? for menu, Esc to quit)
Okay, then.
The orc wizard mumbles some strange words.
The orc wizard seems to speed up.
The orc wizard points at you and mumbles some strange words.
The magic dart hits you!
You die...

Action                   |  1- 3 |  4- 6 || total
-------------------------+-------+-------++-------
Melee: Unarmed           |   127 |    62 ||   189
Throw: Stone             |     7 |       ||     7
 Cast: Beastly Appendage |     1 |       ||     1
       Sticks to Snakes  |     5 |     2 ||     7
 Stab: Sleeping          |     2 |       ||     2
  Eat: Chunk             |     2 |     3 ||     5

Vault maps used:
D:1:      arrival_aquarium_a
D:3:      serial_co_window_serial, co_window_corner_a, co_window_paths_a,
          co_window_of_opportunity_a, co_window_corner_a, co_window_cross_1,
          co_window_of_opportunity_b, co_window_broadway_b, co_window_paths_c,
          co_window_broadway_a, co_window_4corner_a, co_window_4corner_b,
          glass_columns_a

Notes
Turn   | Place    | Note
--------------------------------------------------------------
     0 | D:1      | MackTheKnife, the Merfolk Transmuter, began the quest for the Orb.
     0 | D:1      | Reached XP level 1. HP: 15/15 MP: 3/3
     7 | D:1      | Noticed an electric eel
   428 | D:1      | Reached XP level 2. HP: 21/21 MP: 4/4
   570 | D:1      | Reached skill level 4 in Unarmed Combat
  1015 | D:2      | Reached XP level 3. HP: 19/26 MP: 6/6
  1068 | D:2      | Learned a level 2 spell: Sticks to Snakes
  1330 | D:2      | Reached skill level 5 in Unarmed Combat
  1566 | D:2      | Reached XP level 4. HP: 30/32 MP: 7/7
  2349 | D:3      | Killed from afar by an orc wizard

Vanquished Creatures
  2 adders (D:2)
  2 worms
  2 oozes
  3 orcs (D:3)
  9 goblins
  6 hobgoblins
  11 jackals
  3 bats (D:2)
  4 giant cockroaches
  4 giant newts
  4 rats
50 creatures vanquished.

Vanquished Creatures (collateral kills)
  An orc (D:3)
1 creature vanquished.

Grand Total: 51 creatures vanquished
